 Dungeon Crawl Stone Soup version 0.31-a0-145-g046c7d2549 (webtiles) character file.

Game seed: 16988457156071617172

60 qw the Shooter (level 3, -3/31 HPs)
             Began as a Minotaur Hunter on June 7, 2023.
             Slain by Sigmund
             ... wielding a +0 scythe
              (4 damage)
             ... on level 3 of the Dungeon.
             The game lasted 00:00:34 (1788 turns).

qw the Shooter (Minotaur Hunter)                    Turns: 1788, Time: 00:00:34

Health: -3/31      AC:  5    Str: 15    XL:     3   Next: 80%
Magic:  2/2        EV: 11    Int:  6    God:
Gold:   88         SH:  0    Dex: 15    Spells: 2/2 levels left

rFire   . . .        Y - +0 shortbow
rCold   . . .        (shield currently unavailable)
rNeg    . . .        i - +0 ring mail
rPois   .            (helmet restricted)
rElec   .            (no cloak)
rCorr   .            (no gloves)
SInv    .            (no boots)
Will    .....        (no amulet)
Stlth   +            (no ring)
HPRegen 0.25/turn    (no ring)
MPRegen 0.08/turn

%: no passive effects
@: no status effects
A: horns 2, retaliatory headbutt
a: no special abilities


You were on level 3 of the Dungeon.
You visited 1 branch of the dungeon, and saw 3 of its levels.

You collected 88 gold pieces.


Innate Abilities, Weirdness & Mutations

You have a pair of horns on your head.
You reflexively headbutt those who attack you in melee.


   Skills:
 - Level 3.0 Fighting
 + Level 5.7 Ranged Weapons
 - Level 1.0 Armour
 - Level 2.1 Dodging
 - Level 0.7 Stealth


You had 2 spell levels left.
You didn't know any spells.
Your spell library was empty.

Inventory:

Hand Weapons
 Y - a +0 shortbow (weapon)
Armour
 i - a +0 ring mail (worn)
Scrolls
 a - a scroll of teleportation {unknown}
 f - a scroll of identify
Potions
 d - a potion of haste
 j - a potion of heal wounds {unknown}

Dungeon Overview and Level Annotations

Branches:
Dungeon (3/15)

Altars:

Annotations:
D:3 Sigmund


Message History

A worm comes into view.
You shoot an arrow. The arrow hits the worm.
The worm is moderately wounded.
You shoot an arrow. The arrow hits the worm.
The worm is heavily wounded.
You shoot an arrow. The arrow hits the worm.
The worm is severely wounded.
You shoot an arrow. The arrow barely misses the worm.
You shoot an arrow. The arrow barely misses the worm.
You shoot an arrow. The arrow barely misses the worm.
You shoot an arrow.
The arrow hits the worm but does no damage.
The worm is heavily wounded.
You shoot an arrow. The arrow hits the worm.
The worm is severely wounded.
You shoot an arrow. The arrow hits the worm!
You kill the worm!
You see here a worm corpse.
a - a scroll labelled CUFEUKH KOTOI Sigmund the Dreaded comes into view.
He is wielding a +0 scythe.
Sigmund shouts!
Sigmund gestures wildly while chanting.
Sigmund flickers and vanishes!
Deactivating autopickup; reactivate with Ctrl-A.
You shoot an arrow. You shoot an arrow. You shoot an arrow. You shoot an arrow.
Something hits you!
You shoot an arrow. Something hits you.
You shoot an arrow. You shoot an arrow. Something hits you!
You shoot an arrow. You shoot an arrow. Something hits you!
You shoot an arrow. Something hits you.
You die...

########## ########
..#......# #......#
#.#.####.####.####.#
#.#.............##.#
..%.####.####.#.##.#
#.#.####.# #.#.##.#
#.#......# #...@..#
..######## ##.#.###
#.# ##{## #.# #.#
..# #.# ..# #.
...... #. ...... #.
.##...


There were no monsters in sight!

Vanquished Creatures
  An adder (D:2)
  A worm (D:3)
  2 dart slugs
  5 ball pythons
  2 bats (D:2)
  5 endoplasms
  3 giant cockroaches
  8 goblins
  3 hobgoblins
  A kobold (D:2)
  A quokka (D:1)
  2 frilled lizards (D:1)
  7 rats
41 creatures vanquished.

Notes
Turn   | Place    | Note
-------+----------+-------------------------------------------
     0 | D:1      | qw the Minotaur Hunter began the quest for the Orb.
     0 | D:1      | Reached XP level 1. HP: 18/18 MP: 0/0
     0 | D:1      | 0 ||| qw: Version: 0.2-a-117-gc6b5c8b
     0 | D:1      | 0 ||| qw: Game counter: 2479
     0 | D:1      | 0 ||| qw: Always use a shield: true
     0 | D:1      | 0 ||| qw: God list: Okawaru
     0 | D:1      | 0 ||| qw: Allow faded altars: false
     0 | D:1      | 0 ||| qw: Do Orc after D:15 true
     0 | D:1      | 0 ||| qw: Do second Lair branch before Depths: true
     0 | D:1      | 0 ||| qw: Lair rune preference: random
     0 | D:1      | 0 ||| qw: Plans: Normal
     0 | D:1      | 0 ||| PLANNING D:1-11
   161 | D:1      | Reached XP level 2. HP: 25/25 MP: 1/1
   201 | D:1      | Reached skill level 5 in Ranged Weapons
   236 | D:1      | Found a faded altar of an unknown god.
   616 | D:1      | Reached skill level 3 in Fighting
   827 | D:1      | 827 ||| UPGRADING to +0 ring mail.
   837 | D:1      | 837 ||| DROPPING +0 leather armour.
   838 | D:1      | 838 ||| READING scroll labelled TULOBEKHLIL.
   839 | D:1      | 839 ||| READING 2 scrolls labelled YDEYMPIYWE.
   840 | D:1      | 840 ||| READING scroll labelled ZENUME JEEMEB.
   841 | D:1      | 841 ||| DRINKING 2 sapphire potions.
   842 | D:1      | 842 ||| DROPPING scroll of butterflies.
  1059 | D:2      | Reached skill level 1 in Armour
  1059 | D:2      | Reached XP level 3. HP: 31/31 MP: 2/2
  1724 | D:2      | 1724 ||| READING 2 scrolls of identify.
  1724 | D:2      | 1724 ||| IDENTIFYING dark potion
  1725 | D:2      | 1725 ||| DROPPING potion of magic.
  1778 | D:3      | Noticed Sigmund
  1787 | D:3      | HP: 1/31 [something (9)]
  1788 | D:3      | Slain by Sigmund

Levels and vault maps discovered:
D:1:      dpeg_arrival_yet_another_circle, layout_basic, serial_curves,
          eino_curves_01, eino_curves_04, eino_curves_01, eino_curves_03,
          hellmonk_ecumenical_altar_leap_of_faith
D:2:      layout_loops_corners
D:3:      layout_loops_cross, nicolae_kite_square_tiling_tiny, hellmonk_no_cap,
          uniq_sigmund

Skill      XL: |  1  2 |
---------------+-------+-----
Ranged Weapons | 5 |  5.7
Fighting       | 3 |  3.0
Armour         | 1 |  1.0
Dodging        | |  2.1
Stealth        | |  0.7

Action                     || total
---------------------------++-------
   Fire: Shortbow          ||   125
    Use: Scroll            ||     4
         Potion            ||     1
 Armour: Ring mail         ||    11
  Dodge: Dodged            ||    24

Table legend:
 A = Non-vault XP
 B = Vault XP
 C = Vault XP percentage of total XP
 D = Non-vault monster count
 E = Vault monster count
 F = Vault count percentage of total count
                 A         B        C        D         E       F
            +---------+---------+-------+---------+---------+-------
      Total |      86 |       0 |   0.0 |      41 |       0 |   0.0
            +---------+---------+-------+---------+---------+-------
        D:1 |      33 |       0 |   0.0 |      18 |       0 |   0.0
        D:2 |      46 |       0 |   0.0 |      21 |       0 |   0.0
        D:3 |       7 |       0 |   0.0 |       2 |       0 |   0.0
            +---------+---------+-------+---------+---------+-------
